 Dungeon Sprint DCSS version 0.17-a0-1642-gd4b747b (webtiles) character file.

14 Kidiri the Covered (level 2, -8/28 HPs)
             Began as a Minotaur Fighter on Aug 8, 2015.
             Was an Initiate of Okawaru.
             Mangled by Blork the orc
             ... wielding a +0 war axe
              (9 damage)
             ... in the Dungeon (Sprint VII: "The Pits").
             The game lasted 00:02:02 (154 turns).

Kidiri the Covered (Minotaur Fighter)                Turns: 154, Time: 00:02:02

Health: -8/28      AC:  7    Str: 25    XL:     2   Next: 31%
Magic:  1/1        EV:  8    Int:  5    God:    Okawaru [......]
Gold:   0          SH: 10    Dex:  9    Spells: 0 memorised, 1 level left

rFire  . . .     SeeInvis .     a - +2 mace
rCold  . . .     Clarity  .     b - +0 scale mail
rNeg   . . .     SustAt   .     c - +0 shield
rPois  .         Gourm    .     (helmet restricted)
rElec  .         Spirit   .     (no cloak)
rCorr  .         Warding  .     (no gloves)
rMut   .         NoTele   +     (no boots)
MR     .....                    (no amulet)
Stlth  ..........               (no ring)
                                (no ring)

@: mighty, very slightly contaminated, hasted, very quick, not resistant to
hostile enchantments, extremely unstealthy
A: retaliatory headbutt, horns 2
a: Renounce Religion


You were in the Dungeon.
You worshipped Okawaru.
Okawaru was noncommittal.
You were not hungry.

You visited 1 branch

Inventory:

Hand weapons
 a - a +2 mace (weapon)
Armour
 b - a +0 scale mail (worn)
 c - a +0 shield (worn)
Scrolls
 k - a scroll of blinking
 o - 3 scrolls of remove curse
 p - 5 scrolls of amnesia
 q - a scroll of summoning
Potions
 i - 4 potions of magic
 j - 3 potions of berserk rage
 n - 2 potions of invisibility
Comestibles
 e - 8 bread rations
 l - 40 fruits
 m - 7 meat rations
 r - 5 chunks of flesh


   Skills:
 + Level 4.3 Fighting
 * Level 3.4 Maces & Flails
 * Level 4.5 Armour
 + Level 1.5 Dodging
 * Level 4.4 Shields
 + Level 0.8 Invocations


You had one spell level left.
You didn't know any spells.

Dungeon Overview and Level Annotations

Branches:
Dungeon (1/1)

Altars:
Ashenzari
Cheibriados
Dithmenos
Elyvilon
Fedhas
Gozag
Kikubaaqudgha
Makhleb
Nemelex Xobeh
Okawaru
Qazlal
Ru
Sif Muna
Trog
Vehumet
Xom
Yredelemnul
Zin
The Shining One
Beogh
Jiyva
Lugonu

Annotations:
D Blork the orc


Innate Abilities, Weirdness & Mutations

You reflexively headbutt those who attack you in melee.
You have a pair of horns on your head.


Message History

* * * LOW HITPOINT WARNING * * *
You barely miss Blork the orc. You headbutt Blork the orc.
Blork the orc is heavily wounded.
Blork the orc hits you but does no damage.
Drink which item? (? for menu, Esc to quit)
You feel yourself speed up. Blork the orc barely misses you.
You block Blork the orc's attack.
You are very lightly contaminated with residual magic.
Drink which item? (? for menu, Esc to quit)
You feel very mighty all of a sudden.
You hit Blork the orc. You headbutt Blork the orc.
Blork the orc is heavily wounded.
Blork the orc hits you with a war axe.
* * * LOW HITPOINT WARNING * * *
Blork the orc casts a spell at you. The puff of flame misses you.
You thump Blork the orc!
Blork the orc is almost dead.
Blork the orc hits you with a war axe!
You die...

############
#__________#
#__________#
#.#####+##############++
#_#)))+.+..##...........
#_#)))#.#?(##......#..#.
#######+#####...........
#.......o@..'...........
#+#####'#####......#..#.
#.%.o.##...........
#####'#####+#####++
#....)##.......#
#..a..##.......#
###'####.......#
#.†...##...<...#
........##.......#


You could see Blork the orc.

Vanquished Creatures
  An adder zombie (D)
  A giant gecko (D)
  An orc (D)
  A bat (D)
  4 jackals (D)
  A kobold (D)
  A rat (D)
10 creatures vanquished.

Notes
Turn   | Place    | Note
--------------------------------------------------------------
     0 | D        | Kidiri the Minotaur Fighter began the quest for the Orb.
     0 | D        | Reached XP level 1. HP: 19/19 MP: 0/0
    14 | D        | Reached skill level 4 in Armour
    54 | D        | Found a sacrificial altar of Ru.
    54 | D        | Found a basalt altar of Yredelemnul.
    54 | D        | Found a shadowy altar of Dithmenos.
    54 | D        | Found a deep blue altar of Sif Muna.
    54 | D        | Found a burning altar of Makhleb.
    54 | D        | Found a shimmering altar of Xom.
    54 | D        | Found an ancient bone altar of Kikubaaqudgha.
    54 | D        | Found a sparkling altar of Nemelex Xobeh.
    55 | D        | Found a glowing golden altar of the Shining One.
    55 | D        | Found a bloodstained altar of Trog.
    55 | D        | Found a shattered altar of Ashenzari.
    55 | D        | Found a white marble altar of Elyvilon.
    55 | D        | Found a snail-covered altar of Cheibriados.
    55 | D        | Found a blossoming altar of Fedhas.
    55 | D        | Found a radiant altar of Vehumet.
    55 | D        | Found a glowing silver altar of Zin.
    55 | D        | Found a corrupted altar of Lugonu.
    55 | D        | Found a viscous altar of Jiyva.
    55 | D        | Found a roughly hewn altar of Beogh.
    55 | D        | Found an iron altar of Okawaru.
    61 | D        | Found a stormy altar of Qazlal.
    62 | D        | Found an opulent altar of Gozag.
    64 | D        | Became a worshipper of Warmaster Okawaru
    88 | D        | Reached skill level 1 in Dodging
   102 | D        | Reached XP level 2. HP: 27/27 MP: 1/1
   116 | D        | Noticed a worker ant
   117 | D        | Noticed Blork the orc
   149 | D        | HP: 1/28 [Blork the orc/puff of flame (9)]
   154 | D        | Mangled by Blork the orc

Vault maps used:
D:        pitsprint

Action                   || total
-------------------------++-------
Melee: Mace              ||    27
       Flail             ||     1
  Use: Potion            ||     4
